 Dungeon Crawl Stone Soup version 0.27-a0-1191-g601b473118 (webtiles) character file.

Game seed: 5412883565226523391

350 agentchuck the Magician (level 6, -2/50 (51) HPs)
             Began as a Naga Transmuter on May 24, 2021.
             Slain by a wight
             ... wielding a +0 spear
              (4 damage)
             ... on level 3 of the Dungeon.
             The game lasted 00:18:24 (1591 turns).

agentchuck the Magician (Naga Transmuter)           Turns: 1591, Time: 00:18:25

HP:   -2/50 (51)    AC:  2    Str: 18    XL:     6   Next: 61%
MP:   9/13          EV: 18    Int: 22    God:
Gold: 83            SH:  0    Dex: 16    Spells: 10/14 levels left

rFire    . . .     SeeInvis +     - Unarmed
rCold    . . .     Faith    .   (shield currently unavailable)
rNeg     . . .     Spirit   .   (armour currently unavailable)
rPois    x         Reflect  .   (helmet currently unavailable)
rElec    .         Harm     .   (cloak currently unavailable)
rCorr    .         Rampage  .   (gloves currently unavailable)
Will     .....                  (no barding)
Stlth    +.........             (no amulet)
HPRegen  0.16/turn              S - +6 ring of strength
MPRegen  0.13/turn              I - +6 ring of intelligence

@: spider-form, attractive, lightly drained
A: venomous fangs, AC +2, tiny, see invisible, (deformed body), (poison
resistance), (slowness 2), spit poison 1, (naga tail 1)
a: Spit Poison, End Transformation


You were on level 3 of the Dungeon.
You were a venomous arachnid creature.
You visited 1 branch of the dungeon, and saw 3 of its levels.

You collected 83 gold pieces.


Innate Abilities, Weirdness & Mutations

You are a venomous arachnid creature.
You have poisonous fangs.
You are tiny and dextrous.
Your spellcasting is less reliable in this form.
Your armour is entirely melded.
You are incapable of wielding weapons or throwing items.
((Your serpentine skin is tough. (AC +2)))
You have supernaturally acute eyesight. (SInv)
((Armour fits poorly on your strangely shaped body.))
((Your system is resistant to poisons. (rPois)))
((You cover ground very slowly.))
You can spit poison.
((You have a snake-like lower body.))


   Skills:
 - Level 1.0 Fighting
 - Level 1.5 Dodging
 - Level 3.0 Unarmed Combat
 + Level 4.7 Spellcasting
 - Level 3.6 Transmutations
 - Level 4.0 Poison Magic


You had 10 spell levels left.
You knew the following spells:

 Your Spells              Type           Power      Damage    Failure   Level
e - Beastly Appendage     Tmut           42%        N/A       9%          1
i - Spider Form           Tmut/Pois      10%        N/A       19%         3

Your spell library contained the following spells:

 Spells                   Type           Power      Damage    Failure   Level
 Wereblood                Tmut           21%        N/A       12%         2
 Ice Form                 Ice/Tmut       13%        N/A       67%         4
 Hydra Form               Tmut           10%        N/A       75%         5

Inventory:

Missiles
 d - 55 stones
 l - 7 poisoned darts
 m - a throwing net {=f}
Armour
 a - a +0 robe (melded)
 h - a +0 pair of gloves (melded)
 p - a +2 hat (melded)
Jewellery
 I - a +6 ring of intelligence (right front leg)
 S - a +6 ring of strength (left front leg)
Wands
 n - a wand of mindburst (5)
Scrolls
 e - a scroll of amnesia
 g - a scroll of teleportation {unknown}
 j - a scroll of noise {unknown}
 o - a scroll of blinking {unknown}
Potions
 b - a potion of invisibility {unknown}
 f - a potion of might {unknown}
 k - a potion of flight {unknown}

Dungeon Overview and Level Annotations

Branches:
Dungeon (3/15)

Altars:

#.......####.#####
###.......#........#
..........#........#
.........S#........#
..........#........#
########).#....)...# .
##z####.##### ...
#z#...)..#
....#########s#......#
...................รท.#
#.).).............#
#.................#
#.................#
###########.###.###
#..##)# ##.##.# #..#.#


You could see 2 wights and a ball python (fleeing).


Message History

The wight hits you with a +0 war axe!
* * * LOW HITPOINT WARNING * * *
You feel drained.
* * * LOW HITPOINT WARNING * * *
The ball python closely misses you. The ball python completely misses you.
The ball python barely misses you. The ball python closely misses you.
Things that are here:
a +0 short sword; a +0 scale mail; an orc corpse
Aiming: Mindburst
Press: ? - help, Shift-Dir - straight line, f/p - wight
Aim: a wight, wielding a +0 war axe and wearing a +0 robe (lightly damaged, chance to affect: 65%)
The wight's mind is blasted!
The wight hits you with a +0 war axe.
* * * LOW HITPOINT WARNING * * *
You hit the wight.
You destroy the wight!
Your life force feels restored.
Okay, then.
Unknown command.
As you read the scroll of fear, it crumbles to dust.
You assume a fearsome visage.
The wight is unaffected. x2
The ball python looks frightened!
The wight hits you from afar with a +0 spear.
* * * LOW HITPOINT WARNING * * *
You feel drained.
* * * LOW HITPOINT WARNING * * *
The wight completely misses you.
It was a potion of attraction.
You feel attractive to monsters.
The wight hits you from afar with a +0 spear.
You die...

Skill      XL: |  1  2  3  4  5 |
---------------+----------------+-----
Transmutations | 3 |  3.6
Poison Magic   | 2 4 |  4.0
Spellcasting   | 4 |  4.7
Fighting       | |  1.0
Dodging        | |  1.5
Unarmed Combat | |  3.0

Action                   |  1- 3 |  4- 6 || total
-------------------------+-------+-------++-------
Melee: Unarmed           |    60 |    63 ||   123
       Punch             |     2 |       ||     2
       Headbutt          |     5 |     2 ||     7
 Cast: Beastly Appendage |    18 |     3 ||    21
       Spider Form       |     1 |    12 ||    13
 Abil: Spit Poison       |    19 |    11 ||    30
       End Transformatio |       |     5 ||     5
Evoke: Wand              |       |     2 ||     2
  Use: Scroll            |     1 |     2 ||     3
       Potion            |       |     1 ||     1
 Stab: Distracted        |       |     1 ||     1
Armor: Robe              |     8 |     3 ||    11
       Skin              |     1 |     2 ||     3
Dodge: Dodged            |    26 |    60 ||    86

Levels and vault maps discovered:
D:1:      psy_arrival_basics, layout_basic,
          shapermc_ecumenical_altar_mp_highgroup, chequers_serial_rivers_small_3
D:2:      layout_basic, serial_rivers, chequers_serial_rivers_large_b,
          chequers_serial_rivers_small_a, chequers_serial_rivers_room_b,
          chequers_serial_rivers_marsh, chequers_serial_rivers_room_a,
          chequers_serial_rivers_large_a, minmay_nonomino_d4
D:3:      layout_basic, minmay_misc_feat_hallway, uniq_ijyb

Notes
Turn   | Place    | Note
-------+----------+-------------------------------------------
     0 | D:1      | agentchuck the Naga Transmuter began the quest for the Orb.
     0 | D:1      | Reached XP level 1. HP: 18/18 MP: 3/3
    93 | D:1      | Reached XP level 2. HP: 17/25 MP: 3/5
   189 | D:2      | Reached skill level 3 in Transmutations
   384 | D:2      | Reached XP level 3. HP: 30/31 MP: 4/6
   395 | D:2      | Learned a level 3 spell: Spider Form
   417 | D:2      | Reached skill level 1 in Poison Magic
   721 | D:2      | Reached skill level 2 in Poison Magic
   846 | D:2      | Reached XP level 4. HP: 38/38 MP: 3/7
  1112 | D:3      | Reached skill level 3 in Poison Magic
  1178 | D:2      | Reached skill level 4 in Poison Magic
  1332 | D:3      | Reached XP level 5. HP: 27/44 MP: 4/8
  1376 | D:2      | Reached skill level 3 in Spellcasting
  1437 | D:3      | Noticed an ogre
  1553 | D:3      | Killed an ogre
  1554 | D:3      | Reached skill level 4 in Spellcasting
  1554 | D:3      | Reached XP level 6. HP: 30/51 MP: 8/12
  1590 | D:3      | HP: 4/51 [wight/+0 spear (5)]
  1591 | D:3      | Slain by a wight

Vanquished Creatures
  An ogre (D:3)
  2 wights (D:3)
  A gnoll shaman (D:2)
  9 gnolls
  2 adders (D:2)
  A dart slug (D:2)
  3 orcs (D:3)
  3 ball pythons (D:2)
  5 endoplasms
  A giant cockroach (D:1)
  3 goblins
  3 hobgoblins (D:2)
  6 jackals
  4 kobolds
  2 bats (D:2)
  2 frilled lizards
  5 rats
53 creatures vanquished.

Table legend: (Time is in decaauts)
 A = Elapsed time spent in this place.
 B = Non-inter-level travel time spent in this place.
 C = Inter-level travel time spent in this place.
 D = Time resting spent in this place.
 E = Time spent auto-exploring this place.
 F = Levels seen in this place.
 G = Mean time per level.
                   A        B        C        D        E       F      G
               +--------+--------+--------+--------+--------+-----+--------+
         Total |   1921 |   1861 |     60 |    203 |      0 |   3 |  640.3 |
       Dungeon |   1921 |   1861 |     60 |    203 |      0 |   3 |  640.3 |
               +--------+--------+--------+--------+--------+-----+--------+

Top non-repeatable levels by time:
     D:2: 1333 daAuts
     D:3: 462 daAuts
     D:1: 125 daAuts

Table legend:
 A = Non-vault XP
 B = Vault XP
 C = Vault XP percentage of total XP
 D = Non-vault monster count
 E = Vault monster count
 F = Vault count percentage of total count
                 A         B        C        D         E       F
            +---------+---------+-------+---------+---------+-------
      Total |     467 |      34 |   6.8 |      47 |       6 |  11.3
            +---------+---------+-------+---------+---------+-------
        D:1 |      10 |       0 |   0.0 |       7 |       0 |   0.0
        D:2 |     108 |      34 |  23.9 |      18 |       6 |  25.0
        D:3 |     349 |       0 |   0.0 |      22 |       0 |   0.0
            +---------+---------+-------+---------+---------+-------
